[Event "Reykjavik Open 2022"]
[Site "Reykjavik"]
[Date "2022.04.10"]
[Round "6.5"]
[White "Warmerdam, Max"]
[Black "Williams, Simon K"]
[Result "1-0"]
[ECO "A84"]
[WhiteElo "2607"]
[BlackElo "2464"]
[Annotator "TA"]
[PlyCount "87"]
[EventDate "2022.04.06"]
[EventCountry "ISL"]
[SourceTitle "playchess.com"]
[Source "ChessBase"]
[SourceQuality "1"]
[TimeControl "40/5400+30:1800+30"]

1. d4 e6 2. c4 f5 3. g3 Nf6 4. Nf3 d5 5. Bf4 Be7 6. Qc2 {[%emt 0:01:41] A84: Dutch Defence: 2 c4 Miscellaneous.} c6 7. Nc3 (7. e3 $14) 7... O-O (7... dxc4 $11 8. a4 Nd5) 8. e3 $14 {[%emt 0:00:27] [#] White is slightly better.} Na6 $146 (8... b6 $11) ({Predecessor:} 8... Ne4 9. Bd3 Nd7 10. h4 Qa5 11. Ng5 Ndf6 12. f3 Nxc3 13. bxc3 h6 14. g4 dxc4 15. Bxc4 hxg5 16. hxg5 {1-0 (27) Witek,T (2120)-Moskwinski,T (2189) Warsaw 2006}) 9. Rc1 Ne4 10. h4 Bd7 11. Be2 b5 12. c5 Nc7 13. Ne5 Ne8 14. a4 a6 (14... b4 $142) 15. Nxe4 (15. Na2 $18) 15... dxe4 $16 16. Qb3 Qc8 17. Ra1 {[%emt 0:00:55] axb5 is the strong threat. 0x0.00059bf61f76dp-1022s more active pieces.} Nf6 18. axb5 cxb5 19. O-O Bc6 20. Ra3 Nd5 21. Rfa1 ({White should try} 21. Bg5 $16) 21... Nxf4 $14 22. exf4 {[%emt 0:00:06][%cal Oa3a6] Strongly threatening Rxa6!} Bd5 23. Qc3 Bf6 24. b4 Bxe5 25. dxe5 Rd8 26. Rd1 Qc6 27. Rd4 Rd7 28. Ra5 {[%emt 0:00:53] Black is now going downhill.} Rad8 {[%emt 0:02:08] [#]} (28... Rdd8 $16) 29. Qa1 $1 $18 Bc4 {[%emt 0:04:29] [#]} 30. Rxa6 $1 Qxa6 31. Qxa6 {[%emt 0:00:16] White wants to mate with Rxd7.} Rxd4 32. Bxc4 bxc4 33. Qxe6+ {[%emt 0:16:19][%mdl 4096] Endgame KQ-KRR} Kh8 {[%emt 0:00:18] [#]} 34. Kg2 $1 {[%emt 0:01:12] Black must now prevent c6.} ({Don't go for} 34. Qxf5 $2 c3 35. Kh2 c2 $19) 34... Rd2 $2 (34... c3 $18 35. Qb3 (35. Qxf5 $2 c2 $19) 35... e3 36. Qxc3 Rd3) 35. c6 e3 36. c7 (36. Qxc4 {is a self mate.} Rxf2+ 37. Kh3 Rdd2) 36... e2 37. cxd8=Q+ Rxd8 {[%emt 0:00:06] KQ-KR} 38. Qb6 Rc8 39. Qe3 c3 40. e6 c2 41. e7 Re8 42. Kf3 h6 43. Kxe2 Rxe7 {[%emt 0:00:04] [#]} 44. Kd2 $1 {[%emt 0:00:04] Weighted Error Value: White=0.18 (very precise) /Black=0.30} 1-0

[Event "Reykjavik Open 2022"]
[Site "Reykjavik"]
[Date "2022.04.10"]
[Round "6.6"]
[White "Beerdsen, Thomas"]
[Black "Fier, Alexandr"]
[Result "1/2-1/2"]
[ECO "B88"]
[WhiteElo "2508"]
[BlackElo "2583"]
[Annotator "TA"]
[PlyCount "29"]
[EventDate "2022.04.06"]
[EventCountry "ISL"]
[SourceTitle "playchess.com"]
[Source "ChessBase"]
[SourceQuality "1"]
[TimeControl "40/5400+30:1800+30"]

1. e4 c5 2. Nf3 Nc6 3. Bc4 e6 4. O-O Nf6 5. Re1 d6 6. Nc3 Be7 7. d4 cxd4 8. Nxd4 Bd7 {[%emt 0:00:35] B88: Sicilian: Sozin Attack.} 9. Be3 O-O 10. Bb3 a6 11. f4 {[%emt 0:16:26] [#]} Nxd4 $146 ({Predecessor:} 11... Rc8 12. Qf3 Qa5 13. h3 b5 14. a3 Nxd4 15. Bxd4 b4 16. axb4 Qxb4 17. Bf2 a5 {½-½ (59) Plat,V (2566)-Cerveny,M (2379) Ostrava 2018}) 12. Bxd4 e5 13. Be3 Bc6 14. Qf3 b5 15. Rad1 {[%emt 0:05:06] An uneventful encounter.  Weighted Error Value: White=0.03 (flawless) /Black=0.03 (flawless)} 1/2-1/2

[Event "Reykjavik Open 2022"]
[Site "Reykjavik"]
[Date "2022.04.10"]
[Round "6.7"]
[White "Adhiban, B.."]
[Black "Grieve, Harry"]
[Result "1/2-1/2"]
[ECO "A04"]
[WhiteElo "2648"]
[BlackElo "2384"]
[Annotator "TA"]
[PlyCount "129"]
[EventDate "2022.04.06"]
[EventCountry "ISL"]
[SourceTitle "playchess.com"]
[Source "ChessBase"]
[SourceQuality "1"]
[TimeControl "40/5400+30:1800+30"]

1. Nf3 f5 2. d3 Nc6 3. d4 e6 4. c4 Nf6 5. g3 d5 6. Bg2 {[%emt 0:00:16] A04: Unusual lines after 1 Nf3 and King's Indian Attack.} Be7 7. O-O Ne4 {[%emt 0:01:29] [#]} 8. b3 $146 {[%emt 0:00:21] White is slightly better.} ({Predecessor:} 8. Nc3 O-O 9. cxd5 exd5 10. Qb3 Kh8 11. Kh1 Bf6 12. Qxd5 Nxd4 13. Nxd4 Bxd4 14. Qxd8 Rxd8 15. Nxe4 fxe4 16. Bxe4 {1-0 (51) Howell,D (2676)-Williams,S (2461) Hastings 2020}) 8... a5 9. Ba3 Bf6 10. e3 h5 11. Nfd2 h4 12. Nxe4 dxe4 13. Nc3 hxg3 14. fxg3 Nxd4 {[%emt 0:28:24] [#]} 15. Nxe4 $1 $11 fxe4 16. Qg4 {[%emt 0:09:21] Prevents Nf3+.} Kf7 $1 {[%emt 0:16:01][%cal Oe6e5] ...e5! is the strong threat.} 17. exd4 (17. Bxe4 Nf5 18. Rad1 Qe8 $17) 17... Qxd4+ 18. Kh1 {[%emt 0:00:04] The board is on fire.} e5 19. Qxe4 Qxe4 20. Bxe4 c6 21. h4 Bg4 22. Kg2 Rhd8 23. Rf2 a4 24. Bb2 axb3 25. axb3 Rxa1 26. Bxa1 Ke6 27. Bc3 Be7 28. b4 Rd1 29. Rd2 Rc1 30. Rc2 Rb1 31. b5 cxb5 32. Rd2 (32. Bxb7 $5 b4 33. Bc8+ Kd6 34. Bxg4 bxc3 35. Rxc3 $14) 32... Rd1 {[%emt 0:05:34] aiming for ...Rxd2+.} 33. Bxb7 {[%emt 0:02:37] Hoping for Bc8+.} Rxd2+ 34. Bxd2 {[%emt 0:00:04][%mdl 4096] Endgame Black must now prevent Bc8+. KBB-KBB} Be2 35. Bd5+ Kd7 36. cxb5 Bxb5 37. Kf3 Bd3 38. Be4 Bxe4+ 39. Kxe4 {[%emt 0:00:07] KB-KB} Ke6 40. h5 Bc5 41. g4 (41. Bc3 $5 ) 41... Be7 42. Bc3 Bd6 43. Bd2 Be7 44. Bc1 Bc5 45. g5 Be7 46. Bd2 Bd8 47. g6 Be7 48. Bc3 Bd6 49. Bb2 Bc7 50. Ba3 Bd8 {[%emt 0:00:08] [#]} (50... Kf6 $11 {keeps the balance.}) 51. Bd6 $1 $16 Be7 (51... Kxd6 52. h6 gxh6 53. g7 Bh4 54. g8=Q Kc5 55. Kxe5 Bg5 56. Qb3) (51... Bg5 52. Bxe5) 52. Bxe5 (52. Bxe7 Kxe7 53. Kxe5 Ke8 $11) 52... Bf6 53. Bf4 ({Much worse is} 53. Bxf6 $6 Kxf6 54. Ke3 Kg5 $11) 53... Ke7 54. Kf5 {[%emt 0:00:12] h6 would kill now.} ({Reject} 54. Be5 $6 Bxe5 55. Kxe5 Kf8 $11) 54... Kf8 55. h6 (55. Bd6+ $16 Kg8 56. h6) 55... Kg8 $11 {[%emt 0:00:06] The position is equal.} 56. h7+ Kh8 57. Bh6 Bc3 58. Bf4 Bd4 59. Bg5 Bc3 60. Ke6 Bd4 61. Kf7 Bc3 62. Bf4 Bd4 63. Bg5 Bc3 64. Bf4 Bd4 65. Bg5 {[%emt 0:00:03] Weighted Error Value: White=0.08 (flawless) /Black=0.08 (flawless)} 1/2-1/2

[Event "Reykjavik Open 2022"]
[Site "Reykjavik"]
[Date "2022.04.10"]
[Round "6.8"]
[White "Song, Julien"]
[Black "Gupta, Abhijeet"]
[Result "1-0"]
[ECO "D85"]
[WhiteElo "2352"]
[BlackElo "2628"]
[Annotator "TA"]
[PlyCount "131"]
[EventDate "2022.04.06"]
[EventCountry "ISL"]
[SourceTitle "playchess.com"]
[Source "ChessBase"]
[SourceQuality "1"]
[TimeControl "40/5400+30:1800+30"]

1. d4 Nf6 2. c4 g6 3. Nc3 d5 4. cxd5 Nxd5 5. e4 Nxc3 6. bxc3 Bg7 7. Nf3 c5 8. Be3 Qa5 9. Qd2 O-O 10. Rc1 Bg4 11. d5 $1 {[%emt 0:02:27] 11.d5 is better than 11.Be2.} b5 {[%emt 0:01:40][%cal Bb7b5,Bb5b4][%mdl 32] D85: Exchange Grünfeld: Unusual White 7th moves and lines with 7 Nf3.} 12. Bxc5 Rc8 13. Bb4 (13. Bxe7 Bxc3 14. Rxc3 Rxc3 $17) 13... Qc7 {[%emt 0:00:25] White has an edge.} 14. Nd4 a5 $1 15. Ba3 (15. Nxb5 Qe5 16. Ba3 Qxe4+ 17. Qe3 Qxd5 $15) 15... b4 16. Bb2 Qb6 17. Bb5 e5 $1 (17... Bxd4 $2 18. Qxd4 Qxd4 19. cxd4 $16) 18. dxe6 $1 (18. Qg5 $2 h5 19. Ne6 Bxe6 $19) 18... Bxe6 (18... Bxd4 $2 19. Qxd4 (19. exf7+ Kxf7 20. cxd4 Qxb5 $16) 19... Qxd4 20. exf7+ Kxf7 21. cxd4 $18) 19. Nxe6 fxe6 20. c4 $36 {[%emt 0:02:28][%cal Bc3c4,Bc4c5,Bc5b6,Bb6b7][%mdl 2080] aiming for Bxg7. White has some pressure.} Rd8 21. c5 Rxd2 22. cxb6 Rxb2 23. Rc8+ (23. b7 Ra7 24. Rc8+ Kf7 25. Rc7+ Kf8 26. Rc8+ Ke7 27. Rxb8 Be5 $19) 23... Kf7 24. Rc7+ Kf8 {[%emt 0:00:05] [#]} 25. O-O $146 {[%emt 0:23:40] Strongly threatening Ra7.} ({Predecessor:} 25. Ra7 Rb1+ 26. Ke2 Rxh1 27. f4 Rc1 28. Rxa8 Rc8 29. e5 g5 30. g3 gxf4 31. gxf4 {½-½ (43) Vidit,S (2726)-Vachier Lagrave,M (2784) chess24.com INT 2020}) 25... Na6 (25... Rxa2 $2 26. Ra7 (26. b7 Ra7 $11) 26... g5 27. Rxa8 $18) (25... b3 $1 $11 26. b7 Ra7 27. Rc8+ Kf7 28. Rc7+ (28. Rxb8 Be5 $15) 28... Kg8 29. Rc8+ Kf7 30. Rc7+ (30. Rxb8 Be5 $15) 30... Kg8 31. Rc8+ Kf7) 26. Bxa6 $16 {[%emt 0:04:23] &Bianco is more active.} Rxa6 27. b7 Rb6 28. Rd1 $1 {[%emt 0:00:38][%cal Rd1d8][%mdl 1024] White has strong compensation.} Bd4 29. h4 ({Stronger than} 29. Rc8+ Ke7 30. b8=Q Rxb8 31. Rxb8 Rxa2 $1 $15) (29. h3 $142 $1 e5 30. Rxh7) 29... e5 (29... Bxf2+ $2 30. Kh2 Bxh4 31. Rdd7 $18) (29... Rxa2 $2 30. Rxd4 Ke8 31. Rc8+ Ke7 32. b8=Q $18) 30. Rd3 $1 {[%emt 0:00:07] Black must now prevent Rf3+.} Kg8 {[%emt 0:16:42] [#]} (30... Rxa2 31. Rf3+ Ke8 32. Rf6 Rxf2 33. Rxf2 $18) (30... Ke8 $16) 31. Rf3 $1 $18 {[%emt 0:00:11][%cal Of3f6] And now Rf6! would win.} Rc2 ({Less strong is} 31... Rxa2 32. Rc8+ Kg7 33. b8=Q Rxb8 34. Rxb8) (31... b3 $142 32. axb3 a4) 32. Rxc2 Rxb7 {[%emt 0:00:03][%mdl 4096] Endgame KRR-KRB} 33. Rc8+ Kg7 34. Ra8 Ba7 35. g4 a4 36. g5 a3 (36... b3 {might work better.} 37. axb3 axb3) 37. Rb3 Bd4 $2 {[%emt 0:08:43] [#]} (37... Rf7 {was called for.} 38. Rxb4 Bxf2+ 39. Kg2 Bxh4 40. Rxa3 Bxg5) 38. Raxa3 $1 Rf7 39. Rxb4 Bxf2+ $2 (39... Bc5 {is a better defense.}) 40. Kg2 {[%emt 0:00:00] Threatens to win with Rf3.} Bc5 41. Rab3 {[%emt 0:05:15] Hoping for Rb7.} Bxb4 42. Rxb4 {[%emt 0:00:03] KR-KR} Ra7 43. a4 Kf7 44. Kf3 Ke6 45. Ke3 Kd6 46. Kd3 Kc6 47. Kc4 Ra8 48. Kb3 Rf8 49. Rb5 Rf4 50. Rxe5 Rxh4 51. Kc4 Kd6 52. Rd5+ Ke6 53. Kd4 h5 54. gxh6 $1 Rxh6 55. a5 {[%emt 0:00:51] White threatens a6 and mate.} Rh1 56. Kc5 {[%emt 0:01:00] White mates.} Re1 57. Kb6 Rxe4 {[%emt 0:00:09] [#]} 58. Rb5 $1 Kf6 59. a6 g5 60. a7 Re8 61. Ka6 Kg6 62. Rb8 Re1 63. a8=Q Ra1+ 64. Kb5 Rxa8 65. Rxa8 Kf5 66. Kc4 {[%emt 0:01:19] Weighted Error Value: White=0.06 (flawless) /Black=0.53} 1-0

[Event "Reykjavik Open 2022"]
[Site "Reykjavik"]
[Date "2022.04.10"]
[Round "6.9"]
[White "Cornette, Matthieu"]
[Black "Heimisson, Hilmir Freyr"]
[Result "1-0"]
[ECO "E21"]
[WhiteElo "2571"]
[BlackElo "2312"]
[Annotator "TA"]
[PlyCount "109"]
[EventDate "2022.04.06"]
[EventCountry "ISL"]
[SourceTitle "playchess.com"]
[Source "ChessBase"]
[SourceQuality "1"]
[TimeControl "40/5400+30:1800+30"]

1. d4 Nf6 2. c4 e6 3. Nc3 Bb4 4. Nf3 O-O 5. Bg5 c5 6. Rc1 cxd4 {[%emt 0:01:17] E21: Nimzo-Indian: 4 Nf3.} 7. Nxd4 h6 8. Bh4 d5 {[%emt 0:00:34] The position is equal. 8...d5 is better than 8...Nc6.} 9. cxd5 g5 {[%emt 0:00:10] Strongly threatening ...e5.} 10. Bg3 Qxd5 11. e3 Qxa2 12. Bd3 (12. Qd2 Ne4 $1 13. Qc2 Bxc3+ 14. bxc3 Qxc2 15. Rxc2 Nxg3 16. hxg3 Kg7 $17) 12... Qxb2 13. O-O $1 Bxc3 14. Rc2 Qb4 15. Nb5 {[%emt 0:00:08] [#]} e5 $1 16. Rxc3 Nc6 17. f4 {[%emt 0:04:43] [#] Hoping for fxg5.} gxf4 $146 ({Predecessor:} 17... Bg4 18. Qc2 exf4 19. exf4 Nd5 20. fxg5 Nxc3 21. Nxc3 Rad8 22. Kh1 Qd4 23. Bh7+ Kh8 {0-1 (33) Mamedyarov,S (2770)-Nakamura,H (2736) chess24.com INT 2021}) 18. Be1 Bg4 19. Qc1 Qe7 20. Bh4 $1 Rad8 $2 (20... a6 $11 {and Black is okay.} 21. Na3 Nb4) 21. exf4 $18 e4 {[%emt 0:00:14] [#]} 22. Bb1 {[%emt 0:01:55] A strong pair of Bishops.} (22. Bxe4 $1 $18 {[%mdl 512] Black must now prevent Re3.} Qxe4 23. Bxf6) 22... Rd5 $2 {[%emt 0:12:27][%mdl 8192] [#]} (22... a6 $11) 23. Rg3 $1 Rxb5 {[%emt 0:01:14] [#]} 24. Rxg4+ $1 Nxg4 (24... Kh7 25. Qc3) 25. Bxe7 Nxe7 26. Bxe4 Nf6 27. Bf3 Rc8 28. Qa1 Kg7 (28... Ned5 $142 29. Qxa7 Rb4) 29. Qxa7 (29. g4 $142) 29... Nf5 30. Qa4 {[%emt 0:20:09] Against Rc2} (30. Bxb7 $2 Rc7 31. Qa3 Rcxb7 $19) 30... Rcc5 31. Re1 Rb2 32. g4 ({Better is} 32. Qa1 $18 Rcb5 33. Be2) 32... Nh4 $16 33. Bh1 ({White should play} 33. Be4 $16) 33... Rcb5 $1 $14 34. Qa1 Ng6 $1 35. Rf1 Nxf4 $1 36. Bf3 Ng6 ({Black should try} 36... Nh3+ $11 37. Kh1 Nf2+ 38. Kg1 Nh3+ 39. Kh1 Nf2+ 40. Kg1 Nh3+) 37. Qe1 Re5 38. Qc3 $36 {[%emt 0:00:54][%mdl 2048] White is more active.} Rbb5 39. Bxb7 Nxg4 (39... Rxb7 40. Qc6 Rbe7 41. Qxf6+ Kg8 42. h3 $16) 40. Ba6 Rbc5 41. Qf3 {[%emt 0:07:01][%mdl 1024] White has compensation.} f5 42. Bd3 {[%emt 0:01:57] And now Qb7+ would win.} Ne7 (42... h5 $14) 43. Qb7 $16 ({Not} 43. Bxf5 $2 Rxf5 44. Qb7 (44. Qxg4+ $2 Rg5 $19) 44... Rxf1+ 45. Kxf1 Re5 $19) 43... Ne3 44. Ra1 N3d5 45. Kh1 Rc3 (45... Nf4 $16) 46. Rg1+ $18 Kf7 {[%emt 0:00:06] [#]} 47. Bb5 (47. Qb8 $1 $18 Re6 {[#]} (47... Ke6 48. Bb5) 48. Qh8 $1) 47... Nc7 (47... Nf6 $16 {keeps fighting.}) 48. Ba4 {[%emt 0:01:32] aiming for Qb6.} Ree3 49. Bd7 $2 ({But not} 49. Qg2 $6 Ne6 50. Qa8 Rc8) (49. Qb8 $18) 49... Re2 50. Ba4 $2 (50. Qb6 $11 Rcc2 51. Qxh6 Rxh2+ 52. Qxh2 Rxh2+ 53. Kxh2) 50... Ree3 $1 51. Qb8 {[%emt 0:01:31] Bd7 is the strong threat.} ({Don't do} 51. Qg2 $6 Ne6 52. Qa8 Rc8) 51... Ng6 (51... Ncd5 {is a better defense.} 52. Be8+ Ke6) 52. Qc8 {[%emt 0:02:24] Chess con chili.} Re6 $2 (52... Ne7 53. Qh8 Ke6 54. Qxh6+ Ke5 55. Qg7+ Ke6 56. Qh6+ Ke5 57. Qh8+ Ke6 58. Qh6+) 53. Qd7+ Ne7 54. Qd4 Ree3 55. Rg7+ {[%emt 0:00:12] Weighted Error Value: White=0.29 (precise) /Black=0.42} 1-0

[Event "Reykjavik Open 2022"]
[Site "Reykjavik"]
[Date "2022.04.10"]
[Round "6.10"]
[White "Gretarsson, Hjorvar Steinn"]
[Black "Sarkar, Justin"]
[Result "1-0"]
[ECO "A29"]
[WhiteElo "2548"]
[BlackElo "2314"]
[Annotator "TA"]
[PlyCount "69"]
[EventDate "2022.04.06"]
[EventCountry "ISL"]
[SourceTitle "playchess.com"]
[Source "ChessBase"]
[SourceQuality "1"]
[TimeControl "40/5400+30:1800+30"]

1. c4 e5 2. g3 Nf6 3. Nc3 d5 4. cxd5 Nxd5 5. Bg2 Nb6 6. d3 Be7 7. Be3 O-O 8. Rc1 f5 9. Nf3 Nc6 10. O-O Be6 11. Na4 {[%emt 0:06:22][%cal Oc1c6] A29: English Opening: Four Knights Variation with 4 g3.} e4 12. Ne1 {[%emt 0:04:06] [#]} Nd5 $146 ({Predecessor:} 12... Bxa2 13. Bc5 Bd5 14. Bxe7 Qxe7 15. Nc3 Rad8 16. Nxd5 Rxd5 17. e3 Rdd8 18. Qb3+ Kh8 {0-1 (39) Kukurin,L (1979)-Bosnjak,P (2177) Sv Filip i Jakov 2014}) 13. Bc5 {[%emt 0:02:36] White is slightly better.} Ndb4 14. Bxe7 Qxe7 15. a3 Na6 16. dxe4 Rad8 $1 17. Nd3 Nd4 {[%emt 0:01:13] [#] White must now prevent ...Bb3.} 18. Nc3 $1 c5 (18... fxe4 $14 19. Nxe4 c5) 19. exf5 $16 Bxf5 20. e4 Be6 21. Nf4 Rxf4 22. gxf4 Nb3 23. Qh5 {[%emt 0:04:41] And now Rcd1 would win.} Nxc1 24. Rxc1 c4 (24... Nb8 $16) 25. Qe5 $18 {[%emt 0:02:43] Hoping for f5.} Qf6 26. Qa5 {[%emt 0:02:03] Threatens to win with f5.} Rd3 {[%emt 0:05:12] [#]} (26... Rc8 $16 {is a better defense.}) 27. f5 $1 Bf7 28. Re1 h5 29. Nd5 (29. Qb5 $18 {is more deadly.}) 29... Bxd5 {[%emt 0:00:36] Loses the game.} (29... Qd4 $16) 30. exd5 Qxb2 $2 (30... Rd4 31. Qb5 Qf7) 31. Qd8+ {[%emt 0:02:21] White is clearly winning.} ({Weaker is} 31. Qa4 Qf6 32. Qxc4 Rc3 $18) 31... Kh7 32. Re8 Rd1+ 33. Bf1 Rxf1+ 34. Kxf1 Qb1+ 35. Kg2 {[%emt 0:00:07] Weighted Error Value: White=0.22 (precise) /Black=0.38} 1-0

[Event "Reykjavik Open 2022"]
[Site "Reykjavik"]
[Date "2022.04.10"]
[Round "6.11"]
[White "Yoo, Christopher Woojin"]
[Black "Minko, Dmitry"]
[Result "1-0"]
[ECO "C51"]
[WhiteElo "2514"]
[BlackElo "2298"]
[Annotator "TA"]
[PlyCount "87"]
[EventDate "2022.04.06"]
[EventCountry "ISL"]
[SourceTitle "playchess.com"]
[Source "ChessBase"]
[SourceQuality "1"]
[TimeControl "40/5400+30:1800+30"]

1. e4 e5 2. Nf3 Nc6 3. Bc4 Bc5 4. b4 Bb6 5. a4 a6 6. O-O Nf6 {[%emt 0:01:02] C51: Evans Gambit: Declined and Accepted without 5...Ba5.} 7. d4 d6 (7... Bxd4 $5 8. Nxd4 Nxd4 $11) 8. dxe5 Nxe5 {[%emt 0:02:03] White is slightly better.} 9. Nxe5 dxe5 10. Qxd8+ Kxd8 {[%emt 0:00:11] [#]} 11. Bg5 $146 ({Much worse is} 11. Bxf7 $6 Rf8 12. a5 (12. Rd1+ Ke7 $15) 12... Ba7 $11) (11. Nd2 $14) ({Predecessor:} 11. Nd2 Ke8 12. Bb2 Nd7 13. a5 Ba7 14. Ra3 f6 15. Rg3 g5 16. Rf3 Kf8 17. Rd1 {1-0 (24) Schirmer,M-Goulas,K DESC email 2007}) 11... Ke7 $11 12. a5 Bd4 13. c3 Ba7 14. Nd2 Re8 15. h3 Bd7 16. Bd5 c6 17. Bb3 Kf8 18. Rfd1 c5 19. Bxf6 gxf6 20. Bd5 cxb4 21. cxb4 Rab8 22. Rac1 Ba4 23. Re1 Re7 24. Rc3 Bd4 25. Rf3 Rc8 {[%emt 0:00:54][%cal Of6f5] Prevents Rc1.} 26. Rxf6 Rc2 27. Nc4 Bb3 (27... Rc7 $14 28. Ne3 Rb2) 28. Ne3 Rb2 29. Bxb3 {[%emt 0:01:53] &Bianco is more active.} Rxb3 30. Nd5 $36 {[%emt 0:00:13][%mdl 2048] [#] Black must now prevent Rc1. White is really pushing.} Re6 31. Rf3 Rxf3 32. gxf3 $14 {[%emt 0:00:04][%mdl 4096] Endgame KRB-KRN} Rc6 {[%emt 0:00:42] Against Rc1} 33. Re2 f5 $2 {[%emt 0:03:11] This move loses the game for Black.} (33... f6 $14) 34. exf5 $18 Kf7 35. Kf1 Rd6 36. Ne3 Kf6 37. Rd2 Rc6 38. Nd5+ Kg5 (38... Kg7 $142 39. f4 Rd6) 39. f4+ Kh4 $2 (39... Kh6 {was called for.} 40. fxe5 Bxe5) 40. Kg2 {[%emt 0:00:00] White is clearly winning.} Rd6 {[%emt 0:00:00] [#]} 41. f6 $1 Rc6 (41... Rd8 42. Ne7) 42. f7 Rc8 43. fxe5 Bxe5 44. Re2 {[%emt 0:00:06] Weighted Error Value: White=0.10 (very precise) /Black=0.36} (44. f4 $142 Bg7 45. Ne7) 1-0

[Event "Reykjavik Open 2022"]
[Site "Reykjavik"]
[Date "2022.04.10"]
[Round "6.12"]
[White "Dishman, Stephen"]
[Black "Maze, Sebastien"]
[Result "0-1"]
[ECO "E67"]
[WhiteElo "2332"]
[BlackElo "2527"]
[Annotator "TA"]
[PlyCount "204"]
[EventDate "2022.04.06"]
[EventCountry "ISL"]
[SourceTitle "playchess.com"]
[Source "ChessBase"]
[SourceQuality "1"]
[TimeControl "40/5400+30:1800+30"]

1. Nf3 Nf6 2. c4 g6 3. b3 Bg7 4. Bb2 d6 5. d4 O-O 6. g3 Nbd7 7. Bg2 e5 8. Nc3 Re8 9. O-O e4 10. Ng5 e3 11. fxe3 h6 12. Nge4 Ng4 13. Bc1 f5 14. Nf2 Nxe3 15. Bxe3 Rxe3 16. Qd2 Re8 17. e4 fxe4 18. Nfxe4 Nf8 19. Rae1 Bf5 20. Kh1 c6 21. d5 c5 22. Qf4 Re5 23. g4 Bxe4 24. Qf7+ Kh8 25. Nxe4 Re7 26. Qf4 Be5 27. Qf2 (27. Qe3 $16) 27... Nh7 $14 28. h3 Kg7 (28... Qg8 $11) 29. Re2 (29. b4 $1 $14 cxb4 30. c5) 29... a6 30. Qe1 b6 31. Nf2 Qd7 32. Nd3 Rae8 33. Qd2 Ng5 34. Rfe1 Nf7 35. a4 Kh7 36. Bf3 Bg3 37. Rxe7 Rxe7 38. Rxe7 Qxe7 39. Qe2 Be5 40. Qe3 Qh4 41. Bg2 Kg7 42. Bf1 h5 43. gxh5 Qxh5 44. Be2 Qh4 45. Bg4 Bd4 46. Qe1 $1 Qg5 47. Qc1 Be3 48. Qf1 Qe7 (48... Nh6 $15 {deserves consideration.}) 49. Be6 $11 Ng5 50. Qe2 Bd4 51. Qg4 Qf6 52. Kg2 $1 Be3 53. h4 $1 Nh7 54. Qe4 Bd2 55. Nf2 Bf4 56. Nd3 Bd2 57. Nf2 Bc3 58. Nd3 a5 59. Nf2 Qe7 60. Nd3 (60. Bg8 $5 Be5 61. Bxh7 Kxh7 62. Nh3 $11) 60... Nf6 61. Qf3 Bd2 62. Nf2 Be1 63. Kh3 Nh5 64. Qe3 Bxf2 65. Qxf2 Qf6 66. Qxf6+ Nxf6 67. Bg4 Kh6 68. Bf3 g5 69. hxg5+ Kxg5 70. Kg3 Kf5 71. Kf2 Kf4 72. Ke2 Nd7 73. Bh5 Ke4 74. Kd2 Kd4 75. Be2 Ne5 76. Kc2 Ke3 77. Bh5 Nd3 78. Kc3 Nf2 79. Bg6 Nh3 80. Bh7 Ke2 81. Kc2 Nf2 82. Bg6 Ke3 83. Kc3 Nh3 84. Bh7 Nf4 85. Kc2 $1 Kd4 86. Bf5 Ng2 87. Bg6 Ne1+ 88. Kd2 Nf3+ 89. Kc2 $1 Ke3 90. Bh5 Ne1+ 91. Kc3 Ng2 92. Bg6 Nf4 93. Bh7 (93. Bf7 $11) 93... Ne2+ $15 94. Kc2 Nd4+ 95. Kc3 Ke2 96. Bg6 $2 (96. Bc2 $11) 96... Kd1 $1 $19 97. Bh7 Kc1 $1 98. Bd3 Nf3 $1 ({Worse is} 98... Kd1 99. Bh7 $17) 99. Bf5 Nd2 $1 100. Bg6 {[%emt 0:00:43] [#]} Nb1+ $1 101. Kd3 {[%emt 0:00:12] [#]} Kb2 $1 102. Ke3 Nc3 0-1